 Dungeon Crawl Stone Soup version 0.21.0 (webtiles) character file.

10 tidbits the Sneak (level 2, -5/17 HPs)
             Began as an Octopode Air Elementalist on Jan 7, 2018.
             Slain by MTVSty1e's ghost (13 damage)
             ... on level 3 of the Dungeon.
             The game lasted 00:02:04 (266 turns).

tidbits the Sneak (Octopode Air Elementalist)        Turns: 266, Time: 00:02:05

Health: -5/17      AC:  1    Str:  7    XL:     2   Next: 20%
Magic:  3/5        EV: 15    Int: 17    God:
Gold:   42         SH:  0    Dex: 12    Spells: 4/5 levels left

rFire    . . .     SeeInvis .   (no weapon)
rCold    . . .     Gourm    .   (no shield)
rNeg     . . .     Faith    .   (helmet restricted)
rPois    .         Spirit   .   (no amulet)
rElec    .         Reflect  .   V - +2 ring of evasion
rCorr    .         Harm     .   (no ring)
MR       .....                  (no ring)
Stlth    +++.......             (no ring)
HPRegen  0.05/turn              (no ring)
MPRegen  0.09/turn              (no ring)
                                (no ring)
                                (no ring)

@: no status effects
A: almost no armour, stealthy swim, amphibious, 8 rings, constrict 8, camouflage
1, gelatinous body 1
a: no special abilities


You were on level 3 of the Dungeon.
You were not hungry.

You visited 1 branch of the dungeon, and saw 3 of its levels.

You collected 42 gold pieces.

Inventory:

Jewellery
 V - a +2 ring of evasion (left tentacle)
   (You found it on level 1 of the Dungeon)
Scrolls
 c - a scroll of fear {unknown}
 d - a scroll of amnesia {unknown}
 e - 4 scrolls of identify {unknown}
 f - a scroll of teleportation {unknown}
 g - a scroll of noise {unknown}
Potions
 h - a potion of lignification {unknown}
Books
 a - a book of Air

   Spells                             Type                      Level
   a - Shock                          Conjuration/Air              1
   b - Swiftness                      Charms/Air                   2
   c - Static Discharge               Conjuration/Air              3
   d - Airstrike                      Air                          4
   e - Lightning Bolt                 Conjuration/Air              5
Comestibles
 b - 2 rations


   Skills:
 - Level 2.0 Dodging
 + Level 4.0 Stealth
 - Level 0.1 Unarmed Combat
 - Level 2.0 Spellcasting
 - Level 1.0 Conjurations
 - Level 3.0 Air Magic


You had 4 spell levels left.
You knew the following spells:

 Your Spells              Type           Power        Failure   Level  Hunger
a - Shock                 Conj/Air       #...         9%          1    #......


Dungeon Overview and Level Annotations

Branches:
Dungeon (3/15)

Altars:

Annotations:
D:3 MTVSty1e's ghost, amateur DrGl


Innate Abilities, Weirdness & Mutations

You cannot wear most types of armour.
You are very stealthy in the water. (Stealth+)
You are amphibious.
You can wear up to eight rings at the same time.
You can use your tentacles to constrict eight enemies at once.
Your skin changes colour to match your surroundings (Stealth+).
Your rubbery body absorbs attacks. (AC +1, EV +1)


Message History

Found a scroll labeled VOMURHO HEWOM.
An adder comes into view.
Found a chain mail.
There is an open door here.
There is an open door here.
As you close the door, it creaks loudly!
You open the door.
There is an open door here.
You open the large door.
A quokka comes into view.
Found a scroll labeled OTHREMUROSM.
There is a large open door here. 3 jackals come into view.
The jackal barks!
The quokka misses you.
A hobgoblin comes into view.
There is a large open door here.
The jackal barks!
You closely miss the quokka. Your grab misses the quokka.
You squeeze the quokka.
You kill the quokka!
You tentacle-slap the jackal. You grab the jackal.
The jackal is heavily wounded.
You constrict the jackal. The jackal bites you.
You tentacle-slap the jackal.
The jackal is almost dead.
You constrict the jackal, but do no damage.
The jackal closely misses you. The jackal barely misses you.
You tentacle-slap the jackal.
You kill the jackal!
The jackal bites you.
You completely miss the jackal. Your grab misses the jackal.
The jackal misses you.
You miss the jackal. You grab the jackal.
You constrict the jackal, but do no damage.
The jackal misses you. The jackal barely misses you.
You tentacle-slap the jackal.
The jackal is heavily wounded.
You constrict the jackal. The jackal bites you.
You tentacle-slap the jackal but do no damage.
The jackal is severely wounded.
You constrict the jackal. The jackal barely misses you.
You tentacle-slap the jackal but do no damage.
You squeeze the jackal.
You kill the jackal!
You have reached level 2!
You closely miss the jackal. You grab the jackal.
You constrict the jackal, but do no damage.
The jackal bites you.
You tentacle-slap the jackal but do no damage.
You constrict the jackal, but do no damage.
The jackal misses you. The jackal barely misses you.
You tentacle-slap the jackal but do no damage.
You constrict the jackal, but do no damage.
The jackal closely misses you.
You barely miss the jackal.
The hobgoblin shouts!
You squeeze the jackal, but do no damage.
You constrict the jackal.
You hear an angry hiss.
You hear a shout!
The jackal closely misses you. The jackal completely misses you.
You barely miss the jackal.
The jackal is moderately wounded.
You constrict the jackal. The jackal barely misses you.
Casting: Shock
Confirm with . or Enter, or press ? or * to list all spells.
Aiming: Shock
Press: ? - help, Shift-Dir - straight line, f - hobgoblin
Aim: a hobgoblin The zap hits the jackal.
The jackal is almost dead.
The zap misses the hobgoblin.
You constrict the jackal, but do no damage.
The jackal closely misses you.
Casting: Shock
Confirm with . or Enter, or press ? or * to list all spells.
Aiming: Shock
Press: ? - help, Shift-Dir - straight line, f/p - hobgoblin
Aim: a hobgoblin The zap hits the jackal.
You kill the jackal!
The zap hits the hobgoblin.
The hobgoblin is almost dead.
You barely miss the hobgoblin. You grab the hobgoblin.
The hobgoblin is almost dead.
You constrict the hobgoblin.
You kill the hobgoblin!
Your Stealth skill increases to level 4!
A kobold comes into view.
A ball python comes into view.
The kobold throws a stone.
The stone misses you.
MTVSty1e's ghost (amateur Draconian Gladiator) comes into view.
It is wielding a weapon of electrocution.
Things that are here:
a stone; a jackal corpse x2
Okay, then.
MTVSty1e's ghost hits you.
* * * LOW HITPOINT WARNING * * *
You are electrocuted!
Ouch! That really hurt!
You die...

........##
###≈≈≈###..?..#
.....?...# ###'## #...##
♣......####.#.#####...#
♣..S...#................
♣......'..###.#####...##
♣......'..# #.# ##
♣......#(## #.#
♣......#.####.#
........#.W@...#
........##.######
..g....##### .....# ...#


You could see MTVSty1e's ghost.

Vanquished Creatures
  2 bats
  A hobgoblin (D:3)
  3 jackals (D:3)
  A quokka (D:3)
  2 frilled lizards (D:1)
9 creatures vanquished.

Notes
Turn   | Place    | Note
-------+----------+-------------------------------------------
     0 | D:1      | tidbits the Octopode Air Elementalist began the quest for the Orb.
     0 | D:1      | Reached XP level 1. HP: 11/11 MP: 3/3
    76 | D:1      | Reached skill level 3 in Stealth
   254 | D:3      | Reached XP level 2. HP: 10/17 MP: 5/5
   262 | D:3      | Reached skill level 4 in Stealth
   264 | D:3      | Noticed MTVSty1e's ghost (amateur DrGl)
   266 | D:3      | Slain by MTVSty1e's ghost

Skill      XL: |  1  2 |
---------------+-------+-----
Stealth        | 3 4 |  4.0
Dodging        | |  2.0
Unarmed Combat | |  0.1
Spellcasting   | |  2.0
Conjurations   | |  1.0
Air Magic      | |  3.0

Action                   || total
-------------------------++-------
Melee: Unarmed           ||    27
       Constrict         ||     9
       Tentacles         ||     6
 Cast: Shock             ||     6
 Stab: Sleeping          ||     2
Armor: Skin              ||     3
Dodge: Dodged            ||    26

Table legend:
 A = Turns spent in this place as a percentage of turns spent in the entire game.
 B = Non-inter-level travel turns spent in this place as a percentage of non-inter-level travel turns spent in the entire game.
 C = Inter-level travel turns spent in this place as a percentage of turns spent in this place.
 D = Turns resting spent in this place as a percentage of non-inter-level travel turns spent in this place.
 E = Turns spent auto-exploring this place as a percentage of non-inter-level travel turns spent in this place.
 F = Non-inter-level travel turns spent in this place divided by the number of levels of this place that you've seen.
                   A       B       C       D       E      F
               +-------+-------+-------+-------+-------+----------------------
         Total | 100.0 | 100.0 |   0.0 |   0.0 |   0.0 |  88.7
       Dungeon | 100.0 | 100.0 |   0.0 |   0.0 |   0.0 |  88.7
               +-------+-------+-------+-------+-------+----------------------

Table legend:
 A = Kills in this place as a percentage of kills in entire the game.
 B = Kills by you in this place as a percentage of kills by you in the entire game.
 C = Kills by friends in this place as a percentage of kills by friends in the entire game.
 D = Other kills in this place as a percentage of other kills in the entire game.
 E = Experience gained in this place as a percentage of experience gained in the entire game.
 F = Experience gained in this place divided by the number of levels of this place that you have seen.
                   A       B       C       D       E      F
               +-------+-------+-------+-------+-------+----------------------
         Total | 100.0 | 100.0 |   N/A |   N/A | 100.0 |   5.0
       Dungeon | 100.0 | 100.0 |   N/A |   N/A | 100.0 |   5.0
               +-------+-------+-------+-------+-------+----------------------

Vault maps used:
D:1:      tarquinn_simple_flora_water_a
D:2:      first_ration, uniq_sigmund, uniq_robin
D:3:      minmay_liquid_box, minmay_misc_feat_plants, kennysheep_big_empty_room
